 Dungeon Crawl Stone Soup version 0.31-a0-1606-g60c5cc7444 (webtiles) character file.

Game seed: 4710233314146469541

22930 Jannitor the Geomancer (level 12, -19/89 (93) HPs)
             Began as a Grey Draconian Reaver on Jan 8, 2024.
             Was a Plaything of Xom.
             Demolished by a jorogumo (22 damage)
             ... while paralysed by a jorogumo
             ... on level 1 of the Lair of Beasts.
             The game lasted 00:34:55 (17308 turns).

Jannitor the Geomancer (Grey Draconian Reaver)     Turns: 17308, Time: 00:34:56

HP:   -19/89 (93)   AC: 16    Str: 19    XL:     12   Next: 67%
MP:   4/20          EV:  2    Int: 22    God:    Xom [.....*]
Gold: 794           SH:  0    Dex:  8    Spells: 3/25 levels left

rFire   . . .        h - staff of earth
rCold   . . .        D - +0 buckler
rNeg    . . .        (body armour unavailable)
rPois   +            (helmet restricted)
rElec   .            C - +0 cloak
rCorr   .            I - +1 pair of gloves
SInv    .            (no boots)
Will    ++...        N - amulet "Losim" {Acrobat rPois Regen+ Int+4}
Stlth   +            i - +5 ring of evasion
HPRegen 1.14/turn    n - ring of willpower
MPRegen 0.17/turn

%: acrobat, clarity
@: paralysed, lethally poisoned (-19 -> -26), held, lightly drained
A: AC +13, amphibious, unfitting armour, cold-blooded, horns 1, stinger 1,
talons 2, clarity, frail 1, low MP 1, strong-willed 1, mutation resistance 2,
strong 1, wild magic 1
a: Renounce Religion


You were on level 1 of the Lair of Beasts.
You worshipped Xom.
You were Xom's teddy bear.
You visited 3 branches of the dungeon, and saw 13 of its levels.
You also visited: Ossuary.

You collected 1021 gold pieces.
You spent 227 gold pieces at shops.

Inventory:

Hand Weapons
 a - a +0 falchion
 c - a +1 quarterstaff
Armour
 C - a +0 cloak (worn)
 D - a +0 buckler (worn)
 I - a +1 pair of gloves (worn)
Magical Staves
 h - a staff of earth (weapon)
 w - a staff of alchemy
Jewellery
 i - a +5 ring of evasion (left hand)
 n - a ring of willpower (right hand)
 r - an amulet of guardian spirit
 z - an amulet of regeneration
 A - a ring of see invisible
 L - a ring of positive energy
 N - the amulet "Losim" (around neck) {Acrobat rPois Regen+ Int+4}
   (Xom gifted it to you on level 1 of the Lair of Beasts)

   [amulet of the acrobat]

   Acrobat:   It increases your evasion while moving and waiting.
   Int+4:     It affects your intelligence (+4).
   rPois:     It protects you from poison Regen+: It increases your rate of
   health regeneration.
 O - a +6 ring of dexterity
Talismans
 M - a granite talisman
Wands
 s - a wand of mindburst (49)
 E - a wand of acid (12)
 G - a wand of roots (7)
 K - a wand of polymorph (8)
Scrolls
 d - 2 scrolls of blinking
 f - 4 scrolls of amnesia
 g - a scroll of identify
 j - 4 scrolls of teleportation
 l - 3 scrolls of revelation
 x - 2 scrolls of vulnerability
 y - 5 scrolls of fear
 B - a scroll of fog
 H - a scroll of immolation
Potions
 b - 2 potions of heal wounds
 e - 4 potions of mutation
 k - 3 potions of attraction
 m - 2 potions of might
 o - 2 potions of curing
 p - a potion of resistance
 q - 2 potions of berserk rage
 t - 3 potions of haste
 u - 5 potions of brilliance
 v - 2 potions of magic
 F - 2 potions of lignification
 J - a potion of enlightenment {unknown}


   Skills:
 + Level 9.1 Fighting
 - Level 3.0 Long Blades
 + Level 7.8 Staves
 + Level 7.4 Dodging
 + Level 4.9 Shields
 + Level 7.4 Spellcasting
 + Level 8.4 Conjurations
 * Level 11.0 Earth Magic
 - Level 2.7 Alchemy
 + Level 6.2 Evocations


You had 3 spell levels left.
You knew the following spells:

 Your Spells              Type           Power      Damage    Failure   Level
a - Stone Arrow           Conj/Erth      100%       3d13      1%          3
b - Magic Dart            Conj           100%       1d8       1%          1
c - Sting                 Conj/Alch      100%       1d9       2%          1
d - Mercury Vapours       Alch/Air       36%        N/A       13%         2
e - Kiss of Death         Conj/Necr      100%       2d13      3%          1
f - Brom's Barrelling Bo  Conj/Erth      78%        2d9       3%          4
g - Borgnjor's Vile Clut  Necr/Erth      29%        N/A       36%         5
h - Lee's Rapid Deconstr  Erth           42%        3d20*     5%          5

Your spell library contained the following spells:

 Spells                   Type           Power      Damage    Failure   Level
 Sandblast                Erth           100%       2d20      1%          1
 Searing Ray              Conj           100%       2d8       1%          2
 Passwall                 Erth           84%        N/A       1%          3
 Momentum Strike          Conj/Tloc      68%        3d9       4%          2
 Hailstorm                Conj/Ice       34%        3d8       9%          3
 Call Imp                 Summ           20%        N/A       21%         2
 Sublimation of Blood     Necr           10%        N/A       21%         2
 Call Canine Familiar     Summ           10%        N/A       36%         3
 Sigil of Binding         Hex            10%        N/A       36%         3
 Fulminant Prism          Conj/Alch      21%        3d12      14%         4
 Olgreb's Toxic Radiance  Alch           26%        N/A       38%         4
 Animate Dead             Necr           10%        N/A       75%         4
 Dimensional Bullseye     Hex/Tloc       5%         N/A       75%         4
 Summon Lightning Spire   Summ/Air       10%        N/A       75%         4
 Death Channel            Necr           5%         N/A       100%        6
 Summon Hydra             Summ           5%         N/A       100%        7
 Animate Armour           Summ/Erth      Unusable   N/A       N/A         4

Dungeon Overview and Level Annotations

Branches:
Dungeon (10/15)            Temple (1/1) D:7            Lair (2/5) D:9
  Swamp (0/4) Lair:2       Spider (0/4) Lair:2          Orc (0/2) D:9
Ossuary (visited)

Altars:
Ashenzari
Cheibriados
Dithmenos
Elyvilon
Fedhas
Gozag
Hepliaklqana
Kikubaaqudgha
Makhleb
Nemelex Xobeh
Okawaru
Qazlal
Ru
Sif Muna
Uskayaw
Vehumet
Wu Jian
Xom
Yredelemnul
Zin
The Shining One

Shops:
D:4 !   D:7 *


Innate Abilities, Weirdness & Mutations

Your dull iron-grey scales are very hard. (AC +13)
You are amphibious.
You cannot fit into any form of body armour.
You are cold-blooded and may be slowed by cold attacks.
You have a pair of small horns on your head.
Your tail ends in a venomous barb.
You have razor-sharp toenails.
You possess an exceptional clarity of mind.
You are frail. (-10% HP)
Your magical capacity is low. (-10% MP)
You are strong-willed. (Will+)
You are somewhat resistant to both further mutation and mutation removal.
Your muscles are strong. (Str +4, Int/Dex -1)
Your spells are a little harder to cast, but a little more powerful.


Message History

Casting: Stone Arrow (safe; 1% risk of failure)
Confirm with . or Enter, or press ? or * to list all spells.
Aiming: Stone Arrow (safe; 1% risk of failure)
Press: ? - help, Shift-Dir - straight line, f/p - jorogumo
Aim: a jorogumo (seething chaos, heavily wounded, strong, unusually resistant, 66% to hit)
You feel a surge of power!
The stone arrow hits the jorogumo!
The jorogumo is heavily wounded.
The jorogumo is engulfed in seething chaos.
The jorogumo hits you!!
You feel much better.
The jorogumo is engulfed in seething chaos.
You block the jorogumo's attack.
Aiming: Corrosive Bolt
Press: ? - help, Shift-Dir - straight line, f/p - jorogumo
Aim: a jorogumo (heavily wounded, strong, unusually resistant, 60% to hit)
The bolt of acid hits the jorogumo.
The jorogumo is heavily wounded.
The jorogumo hits you!!
You feel yourself slow down.
Unknown command.
You feel much better. The jorogumo hits you! The jorogumo casts a spell at you.
The stream of webbing hits you but does no damage.
You are caught in a web!
Aiming: Corrosive Bolt
Press: ? - help, Shift-Dir - straight line, f/p - jorogumo
Aim: a jorogumo (heavily wounded, strong, unusually resistant, 60% to hit)
The bolt of acid hits the jorogumo!
The jorogumo is severely wounded.
You feel yourself speed up. The jorogumo hits you!
You are poisoned.
You suddenly lose the ability to move!
The jorogumo hits you!!
* * * LOW HITPOINT WARNING * * *
A shower of butterflies erupts from you!
Your magical contamination has completely faded away.
* * * LOW HITPOINT WARNING * * *
You feel very sick. The jorogumo hits you!!
You die...
Xom titters!

..........##.......####.....##...
###.......##.......##......######
##......##...[...........# #
#P......#.......#......##
##...........[........##
##.....#.b..........##
##...........b......#
#.........H.......P#
##........@.......##
##......b.......##
#...........).## #.^....b......P#
#..............# ##.............#
#.............## ##............#
#............#


You could see a jorogumo (strong, resistant, ally target).

Vanquished Creatures
  7 death yaks
  A catoblepas (Lair:1)
  Nergalle (D:10)
  A harpy (D:10)
  Pikel (D:3)
  A wolf spider (D:10)
  6 elephants
  3 cane toads
  A black mamba (Lair:1)
  Maggie (D:6)
  A kobold demonologist (D:9)
  Jeremiah (D:6)
  A rime drake (Lair:1)
  2 komodo dragons (Lair:1)
  2 trolls
  12 yaks
  A wraith (D:10)
  3 wyverns
  4 basilisks
  2 redbacks (Lair:2)
  4 vampire mosquitoes (D:9)
  Grum (Lair:1)
  A steam dragon (D:8)
  An acid dragon (D:8)
  6 water moccasins
  2 ice beasts
  6 orc warriors
  3 sky beasts
  A black bear (D:6)
  3 centaurs
  7 wolves (Lair:1)
  A phantom (D:4)
  2 kobold brigands (D:9)
  An elf zombie (Ossuary)
  7 bullfrogs
  5 gnoll sergeants
  8 scorpions
  13 wights
  2 burial acolytes (Ossuary)
  8 killer bees
  4 howler monkeys
  2 jellies (D:5)
  3 bombardier beetles
  A human zombie (Ossuary)
  7 orc priests
  4 hounds
  A gnoll bouda (D:9)
  Terence (D:3)
  3 sleepcaps
  Ijyb (D:4)
  3 iguanas
  5 scorpion zombies (D:6)
  10 orc wizards
  2 mummies (Ossuary)
  A hound zombie (Ossuary)
  A howler monkey zombie (Ossuary)
  Robin (D:3)
  16 gnolls
  12 adders
  2 white imps
  A dart slug (D:1)
  3 ribbon worms
  43 orcs
  8 endoplasms
  6 giant cockroaches
  13 goblins
  21 hobgoblins
  9 jackals
  5 quokkas
  7 ball pythons
  6 bats
  5 frilled lizards
  5 kobolds
  A kobold zombie (Ossuary)
  5 rats
352 creatures vanquished.

Vanquished Creatures (collateral kills)
  A bog body (Lair:2)
  2 boulders
3 creatures vanquished.

Vanquished Creatures (others)
  A human (D:3)
1 creature vanquished.

Grand Total: 356 creatures vanquished

Notes
Turn   | Place    | Note
-------+----------+-------------------------------------------
     0 | D:1      | Jannitor the Draconian Reaver began the quest for the Orb.
     0 | D:1      | Reached XP level 1. HP: 17/17 MP: 3/3
   123 | D:1      | Reached XP level 2. HP: 20/25 MP: 5/5
   492 | D:1      | Reached skill level 1 in Staves
   576 | D:1      | Reached XP level 3. HP: 27/30 MP: 6/6
  1037 | D:2      | Learned a level 1 spell: Magic Dart
  1039 | D:2      | Learned a level 1 spell: Sting
  1365 | D:2      | Reached XP level 4. HP: 30/37 MP: 5/7
  1749 | D:3      | Noticed Terence
  2164 | D:3      | Reached skill level 1 in Alchemy
  2164 | D:3      | Reached XP level 5. HP: 42/45 MP: 2/9
  2303 | D:3      | Noticed Robin
  2370 | D:3      | Killed Robin
  2442 | D:3      | Found an ornate altar of the Wu Jian Council.
  2621 | D:3      | Killed Terence
  2627 | D:3      | Learned a level 2 spell: Mercury Vapours
  2810 | D:3      | Found an ancient bone altar of Kikubaaqudgha.
  2811 | D:3      | Noticed a human
  2813 | D:3      | Killed a human
  3146 | D:4      | Reached XP level 6. HP: 51/51 MP: 6/10
  3277 | D:4      | Noticed Pikel
  3308 | D:3      | Killed Pikel
  3309 | D:3      | Your scales start taking on a dull iron-grey colour.
  3309 | D:3      | Reached XP level 7. HP: 31/59 MP: 6/12
  3410 | D:3      | Learned a level 3 spell: Stone Arrow
  3723 | D:4      | Found a broken altar of Ashenzari.
  3780 | D:4      | Found Pongides's Distillery.
  3785 | D:4      | Bought a potion of heal wounds for 55 gold pieces
  3785 | D:4      | Bought a potion of curing for 33 gold pieces
  3785 | D:4      | Bought a potion of resistance for 110 gold pieces
  3846 | D:4      | Reached skill level 1 in Earth Magic
  3914 | D:4      | Reached XP level 8. HP: 67/67 MP: 12/14
  4082 | D:4      | Reached skill level 2 in Earth Magic
  4143 | D:4      | Noticed Ijyb
  4167 | D:4      | Killed Ijyb
  4308 | D:5      | Entered Level 5 of the Dungeon
  4310 | D:5      | Found a glowing golden altar of the Shining One.
  4387 | D:5      | Reached skill level 5 in Conjurations
  4392 | D:5      | Reached skill level 5 in Fighting
  4859 | D:5      | Found a sparkling altar of Nemelex Xobeh.
  4997 | D:5      | Reached skill level 3 in Earth Magic
  5527 | D:6      | Identified a scroll of acquirement
  5527 | D:6      | Acquired a staff of earth
  5572 | D:6      | Noticed Maggie
  5585 | D:6      | Killed Maggie
  5586 | D:6      | Reached skill level 1 in Evocations
  5586 | D:6      | Reached XP level 9. HP: 59/75 MP: 2/16
  5635 | D:6      | Found a sand-covered staircase.
  5666 | Ossuary  | Entered an ossuary
  5666 | Ossuary  | Found a huge runed translucent gate.
  5666 | Ossuary  | Found a huge runed translucent gate.
  5666 | Ossuary  | Found a huge runed translucent gate.
  5666 | Ossuary  | Found a huge runed translucent gate.
  5666 | Ossuary  | Found a huge runed translucent gate.
  5666 | Ossuary  | Found a huge runed translucent gate.
  5666 | Ossuary  | Found a huge runed translucent gate.
  5666 | Ossuary  | Found a huge runed translucent gate.
  5683 | Ossuary  | Found a huge runed translucent gate.
  5683 | Ossuary  | Found a huge runed translucent gate.
  5683 | Ossuary  | Found a huge runed translucent gate.
  5684 | Ossuary  | Found a huge runed translucent gate.
  5684 | Ossuary  | Found a huge runed translucent gate.
  5686 | Ossuary  | Found a huge runed translucent gate.
  5686 | Ossuary  | Found a huge runed translucent gate.
  5688 | Ossuary  | Found a huge runed translucent gate.
  5688 | Ossuary  | Found a huge runed translucent gate.
  5688 | Ossuary  | Found a huge runed translucent gate.
  5688 | Ossuary  | Found a huge runed translucent gate.
  5688 | Ossuary  | Found a huge runed translucent gate.
  5704 | Ossuary  | Found a huge runed translucent gate.
  5704 | Ossuary  | Found a huge runed translucent gate.
  5706 | Ossuary  | Found a huge runed translucent gate.
  5706 | Ossuary  | Found a huge runed translucent gate.
  5707 | Ossuary  | Found a huge runed translucent gate.
  5707 | Ossuary  | Found a huge runed translucent gate.
  5708 | Ossuary  | Found a huge runed translucent gate.
  5708 | Ossuary  | Found a huge runed translucent gate.
  5713 | Ossuary  | Found a huge runed translucent gate.
  5713 | Ossuary  | Found a huge runed translucent gate.
  5721 | Ossuary  | Found a huge runed translucent gate.
  5721 | Ossuary  | Found a huge runed translucent gate.
  5721 | Ossuary  | Found a huge runed translucent gate.
  5721 | Ossuary  | Found a huge runed translucent gate.
  5723 | Ossuary  | Found a huge runed translucent gate.
  5779 | Ossuary  | Gained mutation: You are dopey. (Int -2) [potion of
                  | mutation]
  5779 | Ossuary  | Gained mutation: You are very dopey. (Int -4) [potion of
                  | mutation]
  5780 | Ossuary  | Lost mutation: You are very dopey. (Int -4) [potion of
                  | mutation]
  5780 | Ossuary  | Lost mutation: You are dopey. (Int -2) [potion of mutation]
  5780 | Ossuary  | Gained mutation: You have a pair of small horns on your
                  | head. [potion of mutation]
  5780 | Ossuary  | Gained mutation: You are frail. (-10% HP) [potion of
                  | mutation]
  5780 | Ossuary  | Gained mutation: You have hidden genetic potential. [potion
                  | of mutation]
  5780 | Ossuary  | Gained mutation: You have great hidden genetic potential.
                  | [potion of mutation]
  6031 | D:6      | Reached skill level 4 in Earth Magic
  6157 | D:6      | Reached skill level 5 in Spellcasting
  6476 | D:6      | Reached skill level 5 in Staves
  6512 | D:6      | Reached skill level 5 in Dodging
  6960 | D:6      | Noticed Jeremiah
  7004 | D:6      | Killed Jeremiah
  7005 | D:6      | Reached skill level 5 in Earth Magic
  7976 | D:7      | Reached skill level 6 in Earth Magic
  7976 | D:7      | Reached XP level 10. HP: 65/75 MP: 10/18
  8251 | D:7      | Found Qiliv's Assorted Antiques.
  8255 | D:7      | Bought a scroll labelled QOUC ZEAHIOBB for 29 gold pieces
  8422 | D:7      | Gained mutation: You passively dampen the noise of your
                  | surroundings. [hidden potential]
  8610 | D:7      | Found a staircase to the Ecumenical Temple.
  8617 | Temple   | Entered the Ecumenical Temple
  8629 | Temple   | Became a worshipper of Xom of Chaos
  8943 | D:8      | XOM: divination: magic mapping
  9376 | D:8      | XOM: potion effect (attraction)
  9707 | D:8      | XOM: divination: detect items
  9771 | D:8      | XOM: divination: detect creatures
  9900 | D:8      | Identified the +1 hand axe "Lyizear" {drain, Stlth+}
 10262 | D:8      | Found a hide-covered altar of Uskayaw.
 10399 | D:9      | Learned a level 4 spell: Brom's Barrelling Boulder
 10534 | D:9      | Reached skill level 7 in Earth Magic
 10812 | D:9      | XOM: potion effect (berserk rage)
 10821 | D:9      | Reached skill level 1 in Shields
 10879 | D:9      | Noticed an elephant
 10888 | D:9      | XOM: summons 4 friendly demons
 10899 | D:9      | Killed an elephant
 10919 | D:9      | XOM: 5-stop teleportation journey
 11074 | D:9      | Found a staircase to the Lair.
 11235 | D:9      | Learned a level 5 spell: Borgnjor's Vile Clutch
 11285 | D:9      | XOM: silly message
 11308 | D:9      | XOM: 1-stop teleportation journey
 11380 | D:9      | XOM: summons 4 hostile shadow creatures
 11628 | D:9      | XOM: give mutations
 11628 | D:9      | Lost mutation: You are frail. (-10% HP) [Xom's mischief]
 11628 | D:9      | Gained mutation: You occasionally lose the ability to read
                  | scrolls when taking damage. [Xom's mischief]
 11762 | D:9      | Reached skill level 8 in Earth Magic
 12025 | D:9      | Reached XP level 11. HP: 92/92 MP: 8/20
 12068 | D:9      | Gained mutation: You have large cloven feet. [hidden
                  | potential]
 12068 | D:9      | Lost mutation: You have great hidden genetic potential.
                  | [hidden potential expressed]
 12173 | D:9      | Found a staircase to the Orcish Mines.
 12205 | D:9      | XOM: confusion (+ monsters)
 12216 | D:9      | XOM: blink monster(s)
 12469 | D:9      | XOM: give mutations
 12469 | D:9      | Gained mutation: Your muscles are strong. (Str +4, Int/Dex
                  | -1) [Xom's grace]
 12469 | D:9      | Gained mutation: You possess an exceptional clarity of
                  | mind. [Xom's grace]
 12469 | D:9      | Gained mutation: Your spells are a little harder to cast,
                  | but a little more powerful. [Xom's grace]
 12469 | D:9      | Gained mutation: Your tail ends in a venomous barb. [Xom's
                  | grace]
 12724 | D:10     | Entered Level 10 of the Dungeon
 12788 | D:10     | Noticed Nergalle
 12793 | D:10     | Killed Nergalle
 12875 | D:10     | Noticed a wolf spider
 12875 | D:10     | a cyclops changed into a harpy
 12875 | D:10     | Noticed a harpy
 12875 | D:10     | XOM: polymorph cyclops -> harpy
 12883 | D:10     | Killed a harpy
 12884 | D:10     | Killed a wolf spider
 12925 | D:10     | XOM: 7-stop teleportation journey
 13127 | D:10     | XOM is BORED!
 13267 | D:10     | XOM: polymorph cyclops -> adder
 13341 | D:10     | XOM: god gift: book of Iron
 13349 | D:10     | Learned a level 5 spell: Lee's Rapid Deconstruction
 13372 | D:10     | XOM: cloud trail
 13493 | D:10     | XOM: fog
 13605 | D:10     | XOM: cloud trail
 13792 | D:10     | XOM: torment (53/94 hp)
 14078 | D:10     | XOM: summons 6 hostile demons
 14079 | D:10     | Noticed a sun demon
 14207 | D:10     | XOM is BORED!
 14207 | D:10     | XOM: summons 3 hostile demons
 14208 | D:10     | Noticed a sun demon
 14289 | Lair:1   | Entered Level 1 of the Lair of Beasts
 14323 | Lair:1   | XOM: give mutations
 14323 | Lair:1   | Lost mutation: You occasionally lose the ability to read
                  | scrolls when taking damage. [Xom's mischief]
 14323 | Lair:1   | Lost mutation: You passively dampen the noise of your
                  | surroundings. [Xom's mischief]
 14323 | Lair:1   | Gained mutation: You are frail. (-10% HP) [Xom's mischief]
 14354 | Lair:1   | Reached skill level 9 in Earth Magic
 14626 | Lair:1   | Noticed Grum
 14627 | Lair:1   | XOM: divination: magic mapping
 14644 | Lair:1   | Killed Grum
 14645 | Lair:1   | Reached skill level 5 in Evocations
 14856 | Lair:1   | XOM: confuse monster(s)
 14859 | Lair:1   | XOM: polymorph yak -> howler monkey
 14872 | Lair:1   | XOM: divination: detect creatures
 14904 | Lair:1   | XOM: give mutation
 14904 | Lair:1   | Gained mutation: Your magical capacity is low. (-10% MP)
                  | [Xom's mischief]
 14927 | Lair:1   | Noticed a catoblepas
 14950 | Lair:1   | XOM: give mutations
 14950 | Lair:1   | Lost mutation: You have large cloven feet. [Xom's grace]
 14950 | Lair:1   | Gained mutation: You have sharp toenails. [Xom's grace]
 14950 | Lair:1   | Lost mutation: You have hidden genetic potential. [Xom's
                  | grace]
 14950 | Lair:1   | Gained mutation: You are somewhat resistant to further
                  | mutation. [Xom's grace]
 14960 | Lair:1   | Killed a catoblepas
 15100 | Lair:1   | XOM: cleaving
 15128 | Lair:1   | Reached XP level 12. HP: 46/92 MP: 4/20
 15439 | Lair:1   | Reached skill level 10 in Earth Magic
 15505 | Lair:1   | Identified the amulet "Losim" {Acrobat rPois Regen+ Int+4}
                  | (Xom gifted it to you on level 1 of the Lair of Beasts)
 15505 | Lair:1   | XOM: god gift: amulet "Losim" {Acrobat rPois Regen+ Int+4}
 15571 | Lair:1   | XOM: enchant monster (good)
 15624 | Lair:1   | XOM: god gift: 2 stones
 16010 | Lair:2   | XOM: 3-stop teleportation journey
 16115 | Lair:2   | XOM: 1-stop teleportation journey
 16293 | Lair:2   | Noticed a death yak
 16294 | Lair:2   | Noticed a death yak
 16294 | Lair:2   | Noticed a death yak
 16305 | Lair:2   | Noticed a death yak
 16305 | Lair:2   | Noticed a death yak
 16323 | Lair:1   | Killed a death yak
 16434 | Lair:2   | Killed a death yak
 16565 | Lair:2   | XOM: summons 4 friendly demons
 16567 | Lair:2   | Killed a death yak
 16618 | Lair:2   | XOM: silly message
 16626 | Lair:2   | XOM: give mutations
 16626 | Lair:2   | Gained mutation: You are strong-willed. (Will+) [Xom's
                  | grace]
 16626 | Lair:2   | Gained mutation: You have razor-sharp toenails. [Xom's
                  | grace]
 16626 | Lair:2   | Gained mutation: You are somewhat resistant to both further
                  | mutation and mutation removal. [Xom's grace]
 16726 | Lair:1   | Killed a death yak
 16831 | Lair:2   | Killed a death yak
 16996 | Lair:2   | Found a staircase to the Swamp.
 16998 | Lair:2   | XOM: cast spell 'Summon Hydra'
 17063 | Lair:2   | Found a hole to the Spider Nest.
 17158 | Lair:2   | Noticed a death yak
 17158 | Lair:2   | Noticed a death yak
 17158 | Lair:2   | Noticed a death yak
 17158 | Lair:2   | Noticed a death yak
 17188 | Lair:1   | Killed a death yak
 17211 | Lair:1   | Killed a death yak
 17212 | Lair:1   | Reached skill level 11 in Earth Magic
 17237 | Lair:1   | XOM: cloud trail
 17298 | Lair:1   | a death yak changed into a jorogumo
 17298 | Lair:1   | Noticed a jorogumo
 17298 | Lair:1   | XOM: polymorph death yak -> jorogumo
 17307 | Lair:1   | Paralysed by a jorogumo for 3 turns
 17307 | Lair:1   | XOM: butterfly on damage
 17308 | Lair:1   | HP: 3/89 [poisoned by a jorogumo]
 17308 | Lair:1   | Demolished by a jorogumo

Illustrated notes

Levels and vault maps discovered:
D:1:      elethiomel_arrival_shortcut, layout_loops_ring
D:2:      layout_loops_ring
D:3:      layout_basic, tgw_kikubaaqudgha, nzn_wu_jian_contemplation,
          uniq_terence, uniq_robin
D:4:      minmay_bubble_buster, layout_loops_ring, general_overflow_altar,
          serial_shops, shop, uniq_pikel, uniq_ijyb
D:5:      layout_loops_corners, mainiacjoe_overflow_tiny_flanked,
          nemelex_diamond_rough_becter, minmay_fractal_squares_gapless_5
D:6:      layout_loops_ring, mainiacjoe_ossuary_entry_find_the_door,
          uniq_jeremiah, uniq_maggie
D:7:      layout_basic, minmay_temple_entry_fiery, serial_shops, shop_fountains
D:8:      layout_loops_ring, mainiacjoe_overflow_cross_hatched, serial_aquarium,
          aquarium_bridge_square [aquarium_subvault_bridge,
          aquarium_subvault_window, aquarium_subvault_balcony,
          aquarium_subvault_bridge], aquarium_window_1, aquarium_window_fake,
          aquarium_window_1, aquarium_window_3, aquarium_view_2e,
          aquarium_view_2d, kennysheep_generic_room_9
D:9:      kennysheep_blocky_hall, layout_loops_ring, david_lair_generic,
          kennysheep_orc_monster_closet_entryway
D:10:     minmay_curly_fans, layout_layer_cave, kennysheep_little_box,
          uniq_nergalle
Temple:   eino_wide_crystal_templ
Lair:1:   layout_hall_layers, uniq_grum
Lair:2:   layout_big_grid, skrybe_swamp_entry_bodies, spider_nest_entry_webs,
          serial_bayou, serial_bayou_lagoon_a, serial_bayou_pond_e,
          serial_bayou_pond_d, serial_bayou_ford_a

Skill      XL: |  1  2  3  4  5  6  7  8  9 10 11 12 |
---------------+-------------------------------------+-----
Dodging        | 2 3 4 5 6 7 |  7.4
Staves         | 1 2 3 4 5 6 7 |  7.8
Fighting       | 3 4 5 6 7 8 9 |  9.1
Alchemy        | 1 2 |  2.7
Spellcasting   | 3 4 5 6 7 |  7.4
Conjurations   | 4 5 6 7 8 |  8.4
Earth Magic    | 1 3 6 8 9 11 | 11.0
Evocations     | 1 3 4 5 6 |  6.2
Shields        | 2 3 4 |  4.9
Long Blades    | |  3.0

Action                     |  1- 3 |  4- 6 |  7- 9 | 10-12 || total
---------------------------+-------+-------+-------+-------++-------
  Melee: Quarterstaff      |   110 |   148 |   153 |       ||   411
         Tailslap          |     5 |    15 |    57 |    51 ||   128
         Staff             |       |       |   200 |   329 ||   529
         Headbutt          |       |       |    40 |    73 ||   113
         Punch             |       |       |     2 |       ||     2
         Kick              |       |       |       |    74 ||    74
   Cast: Magic Dart        |    12 |    36 |    29 |     1 ||    78
         Sting             |     1 |    25 |    37 |     2 ||    65
         Stone Arrow       |       |       |    50 |   216 ||   266
         Mercury Vapours   |       |       |     9 |    26 ||    35
         Brom's Barrelling |       |       |       |     5 ||     5
         Lee's Rapid Decon |       |       |       |     3 ||     3
  Evoke: Wand              |       |       |    10 |     9 ||    19
    Use: Scroll            |       |     5 |     4 |    13 ||    22
         Potion            |       |       |     2 |     6 ||     8
   Stab: Sleeping          |       |     2 |       |       ||     2
         Distracted        |       |       |       |     3 ||     3
 Armour: Skin              |    69 |    75 |   116 |   225 ||   485
  Dodge: Dodged            |    79 |   136 |   320 |   344 ||   879
  Block: Buckler           |       |       |       |    66 ||    66

Table legend: (Time is in decaauts)
 A = Elapsed time spent in this place.
 B = Non-inter-level travel time spent in this place.
 C = Inter-level travel time spent in this place.
 D = Time resting spent in this place.
 E = Time spent auto-exploring this place.
 F = Levels seen in this place.
 G = Mean time per level.
                   A        B        C        D        E       F      G
               +--------+--------+--------+--------+--------+-----+--------+
         Total |  17364 |  16927 |    437 |   2308 |  11690 |  14 | 1240.3 |
       Dungeon |  14036 |  13703 |    333 |   1368 |  10082 |  10 | 1403.6 |
        Temple |     24 |      1 |     23 |      0 |      0 |   1 |   24.0 |
          Lair |   3003 |   2923 |     80 |    821 |   1546 |   2 | 1501.5 |
       Ossuary |    300 |    300 |      0 |    119 |     62 |   1 |  300.0 |
               +--------+--------+--------+--------+--------+-----+--------+

Top non-repeatable levels by time:
     D:9: 2116 daAuts
  Lair:1: 2054 daAuts
     D:8: 1951 daAuts
     D:7: 1544 daAuts
    D:10: 1502 daAuts
     D:3: 1455 daAuts
     D:6: 1374 daAuts
     D:5: 1163 daAuts
     D:4: 1112 daAuts
     D:2: 1030 daAuts
  Lair:2: 949 daAuts
     D:1: 786 daAuts
 Ossuary: 300 daAuts
  Temple: 24 daAuts
